AoeStats
← Flachyc

Arena

509657821Analyzed
4v4 RM · 3d ago on Sep 27, 2026· 44m 23s· 8 players
Game mode
Random Map
Map size
Large (8 player)
Population
200
Speed
Normal
Resources
Standard
Victory
Conquest
Starting age
Dark Age
Ending age
Imperial Age
RankedLock teamsTeams togetherTeam positionsShared explorationLock speedFull tech treeHidden civsTurbo modeCheats
Victory
Defeat
🇨🇦 Khmer · Canada
895
+12
🇦🇷 Vietnamese · Argentina
879
+13
🇨🇿 Aztecs · Czechia
841
+14
🇪🇸 Spanish · Spain
635
+23
🇨🇿 Britons · Czechia
893
-19
🇮🇳 Cumans · India
808
-16
🇨🇳 Chinese · China
766
-14
🇨🇿 Portuguese · Czechia
732
-13
MightyOwl
2:36 Loom
10:17 Feudal Age
10:54 Double-Bit Axe
14:05 Man-at-Arms
14:50 Scale Mail Armor
23:52 Castle Age
22:19 Gold Mining
22:24 Horse Collar
23:23 Stone Mining
23:27 Arson
25:02 Heavy Plow
25:07 Gambesons
25:24 Long Swordsman
30:13 Wheelbarrow
29:24 Town Watch
33:03 Hand Cart
34:29 Chain Mail Armor
36:39 Forging
42:37 Imperial Age
40:48 Iron Casting
Cizz...1
10:24 Feudal Age
16:14 Castle Age
14:46 Double-Bit Axe
28:18 Wheelbarrow
27:54 Horse Collar
29:23 Fletching
29:34 Padded Archer Armor
30:22 Ballistics
30:00 Gold Mining
30:47 Bow Saw
34:36 Imperial Age
32:37 Masonry
33:21 Gold Shaft Mining
33:28 Bodkin Arrow
35:02 Leather Archer Armor
35:04 Forging
35:18 Hand Cart
35:39 Conscription
35:18 Heavy Rocket Cart
37:04 Architecture
37:02 Stone Mining
38:16 Elite Chu Ko Nu
39:18 Bracer
RiSHisOm
1:51 Loom
10:45 Feudal Age
13:04 Wheelbarrow
12:46 Double-Bit Axe
14:34 Horse Collar
19:40 Castle Age
17:34 Gold Mining
20:30 Heavy Plow
22:41 Bow Saw
24:38 Scale Mail Armor
25:18 Squires
27:06 Hand Cart
26:33 Pikeman
28:23 Gold Shaft Mining
28:07 Arson
29:05 Forging
30:49 Padded Archer Armor
31:04 Chain Mail Armor
31:56 Chain Mail Armor
32:28 Scale Barding Armor
32:59 Iron Casting
31:48 Capped Ram
36:03 Imperial Age
36:11 Imperial Age
35:01 Capped Ram
36:47 Chain Barding Armor
36:43 Leather Archer Armor
37:39 Halberdier
38:14 Elite Steppe Lancer
Flachyc
11:53 Feudal Age
12:26 Double-Bit Axe
12:23 Horse Collar
18:36 Castle Age
16:48 Loom
20:21 Fletching
20:31 Padded Archer Armor
20:55 Bow Saw
23:25 Gold Mining
24:06 Stone Mining
25:23 Gold Shaft Mining
26:42 Bodkin Arrow
30:46 Leather Archer Armor
35:14 Imperial Age
33:45 Ballistics
33:37 Forging
33:28 Scale Mail Armor
34:50 Yeomen
35:26 Iron Casting
35:06 Chain Mail Armor
35:15 Elite Longbowman
37:07 Chemistry
36:45 Conscription
36:51 Bracer
38:18 Ring Archer Armor
38:49 Blast Furnace
44:26 Squires
R.I.P
11:55 Feudal Age
13:20 Loom
16:07 Castle Age
14:24 Double-Bit Axe
14:44 Horse Collar
17:17 Bow Saw
19:27 Wheelbarrow
22:44 Hand Cart
22:55 Heavy Plow
23:35 Stone Mining
23:37 Gold Mining
25:16 Gold Shaft Mining
25:37 Stone Shaft Mining
30:00 Imperial Age
28:40 Caravan
30:30 Forging
30:25 Scale Barding Armor
30:43 Ballistics
32:15 Chemistry
31:55 Conscription
32:18 Iron Casting
31:50 Siege Engineers
32:38 Double Crossbow
33:14 Tusk Swords
32:34 Elite Ballista Elephant
33:44 Chain Barding Armor
33:48 Murder Holes
34:57 Blast Furnace
34:50 Crop Rotation
35:48 Bloodlines
35:39 Husbandry
35:25 Light Cavalry
37:16 Plate Barding Armor
36:56 Fortified Wall
38:37 Hussar
40:53 Elite Battle Elephant
ikerbtx
0:39 Loom
13:29 Feudal Age
14:46 Wheelbarrow
13:59 Double-Bit Axe
13:58 Horse Collar
22:17 Castle Age
21:07 Stone Mining
21:09 Gold Mining
22:32 Forging
23:15 Hand Cart
23:33 Heavy Plow
24:54 Bow Saw
27:09 Caravan
29:39 Bloodlines
31:18 Husbandry
36:03 Imperial Age
33:54 Scale Barding Armor
34:10 Town Watch
35:57 Iron Casting
36:23 Chain Barding Armor
36:11 Murder Holes
36:39 Ballistics
37:05 Conscription
36:23 Cavalier
38:36 Blast Furnace
38:45 Two-Man Saw
40:12 Plate Barding Armor
39:54 Paladin
41:48 Chemistry
Jundorff
3:23 Loom
12:25 Feudal Age
14:15 Wheelbarrow
18:03 Castle Age
16:13 Double-Bit Axe
19:00 Hand Cart
19:22 Bow Saw
19:25 Town Watch
27:00 Padded Archer Armor
28:00 Elite Skirmisher
28:49 Squires
29:09 Leather Archer Armor
29:05 Forging
34:18 Imperial Age
31:47 Gold Mining
31:56 Gambesons
32:13 Fletching
32:24 Scale Mail Armor
33:37 Treadmill Crane
33:54 Murder Holes
34:10 Fortified Wall
33:29 Pikeman
35:25 Conscription
35:43 Atlatl
35:27 Capped Ram
35:41 Imperial Skirmisher
38:09 Ballistics
37:12 Man-at-Arms
37:15 Eagle Warrior
39:18 Chain Mail Armor
38:59 Bodkin Arrow
40:54 Garland Wars
42:51 Plate Mail Armor
44:42 Iron Casting
44:12 Long Swordsman
44:40 Arson
GUISO DE LENTEJAS
11:39 Feudal Age
17:39 Castle Age
19:18 Double-Bit Axe
19:16 Horse Collar
20:01 Bow Saw
22:23 Loom
24:18 Heavy Plow
24:35 Gold Mining
26:16 Wheelbarrow
27:03 Ballistics
26:39 Fletching
26:50 Padded Archer Armor
28:01 Fortified Wall
28:43 Elite Skirmisher
29:39 Stone Mining
30:13 Hand Cart
32:46 Imperial Age
31:12 Bodkin Arrow
31:33 Leather Archer Armor
33:37 Thumb Ring
32:59 Imperial Skirmisher
33:23 Elite Rattan Archer
35:13 Chemistry
34:48 Ring Archer Armor
34:32 Bracer
35:45 Paper Money
40:05 Two-Man Saw
Connection lost

Rejoining the realm…

Still unreachable

The connection could not be restored.

Session expired

The server has moved on; the page needs a fresh start.